 Dungeon Crawl Stone Soup version 0.21.1-1-g345015f (console) character file.

370 fly the Chiller (level 6, 0/32 HPs)
             Began as an Octopode Ice Elementalist on May 7, 2018.
             Was an Initiate of Hepliaklqana.
             Slain by a bullfrog zombie (5 damage)
             ... on level 5 of the Dungeon.
             The game lasted 00:08:51 (4789 turns).

fly the Chiller (Octopode Ice Elementalist)         Turns: 4789, Time: 00:08:52

Health: 0/32       AC:  1    Str:  8    XL:     6   Next: 70%
Magic:  8/12       EV: 13    Int: 19    God:    Hepliaklqana [......]
Gold:   34         SH:  0    Dex: 12    Spells: 1/13 levels left

rFire    . . .     SeeInvis .   a - +0 flail (protect)
rCold    . . .     Gourm    +   (no shield)
rNeg     . . .     Faith    .   (helmet restricted)
rPois    .         Spirit   .   i - amulet of the gourmand
rElec    .         Reflect  .   c - ring of flight
rCorr    .         Harm     .   (no ring)
MR       .....                  (no ring)
Stlth    +++.......             (no ring)
HPRegen  0.10/turn              (no ring)
MPRegen  0.13/turn              (no ring)
                                (no ring)
                                (no ring)

@: about to teleport, very slightly contaminated
A: almost no armour, stealthy swim, amphibious, 8 rings, constrict 8, reduced
essence, camouflage 1, gelatinous body 1
a: Recall Ancestor, Ancestor Identity, Renounce Religion, Evoke Flight


You were on level 5 of the Dungeon.
You worshipped Hepliaklqana.
Hepliaklqana was noncommittal.
You were very full.

You visited 2 branches of the dungeon, and saw 6 of its levels.

You collected 183 gold pieces.
You spent 149 gold pieces at shops.

Inventory:

Hand Weapons
 a - a +0 flail of protection (weapon)
Jewellery
 c - a ring of flight (left tentacle)
 i - an amulet of the gourmand (around mantle)
Wands
 l - a wand of random effects (38)
Scrolls
 e - 2 scrolls of fear
 f - 4 scrolls of teleportation
 h - 7 scrolls of remove curse
 j - a scroll of immolation
 o - a scroll of amnesia
Potions
 g - a potion of mutation
 m - a potion of might
 n - a potion of magic {unknown}
 p - a potion of berserk rage {unknown}
 q - 2 potions of flight
 s - a potion of curing {unknown}
Books
 k - a book of Frost

   Spells                             Type                      Level
   a - Freeze                         Ice                          1
   b - Throw Frost                    Conjuration/Ice              2
   c - Ozocubu's Armour               Charms/Ice                   3
   d - Throw Icicle                   Conjuration/Ice              4
   e - Summon Ice Beast               Ice/Summoning                4
Comestibles
 b - 5 rations


   Skills:
 - Level 2.0 Dodging
 - Level 2.6 Stealth
 - Level 4.0 Spellcasting
 - Level 1.0 Conjurations
 + Level 6.1 Ice Magic


You had one spell level left.
You knew the following spells:

 Your Spells              Type           Power        Failure   Level  Hunger
f - Ozocubu's Armour      Chrm/Ice       ###.....     12%         3    ###....
s - Summon Ice Beast      Ice/Summ       ###.....     36%         4    ####...
t - Throw Icicle          Conj/Ice       ###.....     30%         4    ####...
z - Freeze                Ice            ####         1%          1    None


Dungeon Overview and Level Annotations

Branches:
Dungeon (5/15)             Temple (1/1) D:4

Altars:
Ashenzari
Cheibriados
Dithmenos
Elyvilon
Fedhas
Gozag
Hepliaklqana
Kikubaaqudgha
Makhleb
Nemelex Xobeh
Okawaru
Qazlal
Ru
Sif Muna
Trog
Uskayaw
Vehumet
Wu Jian
Xom
Yredelemnul
Zin
The Shining One

Shops:
D:4 =}?[

Annotations:
D:5 Tiareth's ghost, novice DESk


Innate Abilities, Weirdness & Mutations

You cannot wear most types of armour.
You are very stealthy in the water. (Stealth+)
You are amphibious.
You can wear up to eight rings at the same time.
You can use your tentacles to constrict eight enemies at once.
Your skin changes colour to match your surroundings (Stealth+).
Your rubbery body absorbs attacks. (AC +1, EV +1)
Your life essence is reduced to manifest your ancestor. (-10% HP)


Message History

Your ice beast hits the ogre.
Your ice beast freezes the ogre!
All of the chunks of flesh in your inventory have rotted away.
The bullfrog zombie closely misses you. Something hits your ice beast.
The bullfrog zombie hits you.
* * * LOW HITPOINT WARNING * * *
The bullfrog zombie closely misses you. The worker ant bites your ice beast.
The bullfrog zombie closely misses you.
The worker ant closely misses your ice beast.
The bullfrog zombie hits you.
* * * LOW HITPOINT WARNING * * *
Okay, then.
The bullfrog zombie hits you.
* * * LOW HITPOINT WARNING * * *
Okay, then.
As you read the scroll of teleportation, it crumbles to dust.
You feel strangely unstable. The bullfrog zombie closely misses you.
Unknown command.
The bullfrog zombie hits you.
You die...

#.#####..... #.#
#..... #.#####.....
#.......#.##
###############.#
#...............#
#.###############
#.# #@# ###### #Z#
#..R.# #a# #.##.#
###.#####.##.#
#....ยง.a.....#
#########.##########
#..a.a....#.
#########.#[ #.#.


You could see a worker ant and a bullfrog zombie.

Vanquished Creatures
  An ice beast (D:5)
  2 hounds
  An orc wizard (D:4)
  Natasha (D:3)
  3 gnolls (D:2)
  4 adders
  2 oozes
  An adder skeleton (D:4)
  A worm (D:2)
  2 leopard geckos
  8 orcs (D:4)
  A ball python (D:4)
  2 bats
  5 giant cockroaches
  8 goblins
  9 hobgoblins
  4 jackals
  9 kobolds
  A quokka (D:2)
  A ball python skeleton (D:4)
  5 frilled lizards
  A leopard gecko skeleton (D:4)
  8 rats
80 creatures vanquished.

Vanquished Creatures (collateral kills)
  A giant cockroach (D:5)
1 creature vanquished.

Vanquished Creatures (others)
  3 ancestors (D:5)
  A quokka (D:3)
4 creatures vanquished.

Grand Total: 85 creatures vanquished

Notes
Turn   | Place    | Note
-------+----------+-------------------------------------------
     0 | D:1      | fly the Octopode Ice Elementalist began the quest for the Orb.
     0 | D:1      | Reached XP level 1. HP: 11/11 MP: 3/3
   213 | D:1      | Reached XP level 2. HP: 9/17 MP: 5/5
   520 | D:1      | Reached skill level 4 in Ice Magic
   698 | D:1      | Reached XP level 3. HP: 21/21 MP: 6/6
  1442 | D:2      | Reached XP level 4. HP: 18/27 MP: 0/8
  1484 | D:2      | Found a sacrificial altar of Ru.
  1780 | D:2      | Reached XP level 5. HP: 17/31 MP: 2/11
  2194 | D:3      | Found a white marble altar of Elyvilon.
  2344 | D:3      | Noticed Natasha
  2348 | D:3      | Killed Natasha
  2837 | D:4      | Reached skill level 5 in Ice Magic
  2920 | D:4      | Reached XP level 6. HP: 36/36 MP: 10/12
  3119 | D:4      | Found Gaduer's Gadget Shoppe.
  3161 | D:4      | Found Pitinar's Jewellery Boutique.
  3166 | D:4      | Bought a cursed -2 ring of protection for 26 gold pieces
  3238 | D:4      | Found Vohor's Magic Scroll Shoppe.
  3242 | D:4      | Bought a scroll of teleportation for 39 gold pieces
  3242 | D:4      | Bought a scroll of remove curse for 39 gold pieces
  3242 | D:4      | Bought a scroll of fear for 45 gold pieces
  3541 | D:4      | Found Kauffiug's Antique Armour Shoppe.
  3967 | D:4      | Found a staircase to the Ecumenical Temple.
  4041 | Temple   | Entered the Ecumenical Temple
  4341 | Temple   | Became a worshipper of Hepliaklqana the Forgotten
  4556 | D:5      | Entered Level 5 of the Dungeon
  4571 | D:5      | Noticed Tiareth's ghost (novice DESk)
  4592 | D:5      | Learned a level 4 spell: Throw Icicle
  4605 | D:4      | Learned a level 3 spell: Ozocubu's Armour
  4610 | D:4      | Learned a level 4 spell: Summon Ice Beast
  4673 | D:5      | Noticed an ice beast
  4693 | D:5      | Killed an ice beast
  4693 | D:5      | Reached skill level 6 in Ice Magic
  4789 | D:5      | Slain by a bullfrog zombie

Skill      XL: |  1  2  3  4  5  6 |
---------------+-------------------+-----
Ice Magic      | 4 5 6 |  6.1
Spellcasting   | 3 4 |  4.0
Dodging        | |  2.0
Stealth        | |  2.6
Conjurations   | |  1.0

Action                   |  1- 3 |  4- 6 || total
-------------------------+-------+-------++-------
Melee: Unarmed           |    34 |     3 ||    37
       Tentacles         |    10 |     2 ||    12
       Constrict         |    13 |    21 ||    34
       Flail             |       |    52 ||    52
 Cast: Freeze            |    46 |    42 ||    88
       Summon Ice Beast  |       |     1 ||     1
       Ozocubu's Armour  |       |     1 ||     1
       Throw Icicle      |       |     1 ||     1
Invok: Recall Ancestor   |       |     2 ||     2
       Ancestor Identity |       |     1 ||     1
  Use: Scroll            |       |     6 ||     6
 Stab: Sleeping          |     7 |    11 ||    18
  Eat: Chunk             |     5 |    19 ||    24
Armor: Skin              |     4 |    16 ||    20
Dodge: Dodged            |    31 |    61 ||    92
